 Dungeon Crawl Stone Soup version 0.26-a0-478-g6c97825307 (webtiles) character file.

Game seed: 16328901214487203588

2838 Infinimo the Arsonist (level 9, 0/62 HPs)
             Began as a Hill Orc Fire Elementalist on Aug 1, 2020.
             Slain by a killer bee (10 damage)
             ... on level 7 of the Dungeon.
             The game lasted 00:11:09 (12524 turns).

Infinimo the Arsonist (Hill Orc Fire Elementalist) Turns: 12524, Time: 00:11:09

Health: 0/62       AC:  3    Str: 11    XL:     9   Next: 74%
Magic:  2/16       EV: 12    Int: 24    God:
Gold:   351        SH:  0    Dex: 11    Spells: 12/17 levels left

rFire    + . .     SeeInvis .   g - +0 whip of Conversion {venom, rN+}
rCold    . . .     Faith    .   (no shield)
rNeg     + . .     Spirit   .   a - +0 robe
rPois    .         Reflect  .   (no helmet)
rElec    .         Harm     .   (no cloak)
rCorr    .                      (no gloves)
MR       .....                  h - +0 pair of boots
Stlth    ++........             n - amulet of regeneration
HPRegen  0.60/turn              b - ring of protection from fire
MPRegen  0.15/turn              f - +6 ring of intelligence

@: lethally poisoned (0 -> -12)
A: no striking features
a: no special abilities


You were on level 7 of the Dungeon.
You visited 1 branch of the dungeon, and saw 7 of its levels.

You collected 351 gold pieces.

Inventory:

Hand Weapons
 g - the +0 whip of Conversion (weapon) {venom, rN+}
   (You found it on level 4 of the Dungeon)

   It poisons the flesh of those it strikes.
   It protects you from negative energy.
 k - a +0 whip of venom
Armour
 a - a +0 robe (worn)
 h - a +0 pair of boots (worn)
Jewellery
 b - a ring of protection from fire (left hand)
 f - a +6 ring of intelligence (right hand)
 n - an amulet of regeneration (around neck)
Scrolls
 c - 4 scrolls of remove curse
Potions
 d - 3 potions of brilliance
 e - 3 potions of lignification
 i - 2 potions of degeneration
 l - 2 potions of curing
 o - 2 potions of resistance


   Skills:
 - Level 1.5 Dodging
 - Level 1.5 Stealth
 + Level 4.7 Spellcasting
 * Level 8.3 Conjurations
 * Level 9.6 Fire Magic


You had 12 spell levels left.
You knew the following spells:

 Your Spells              Type           Power        Failure   Level
a - Foxfire               Conj/Fire      ####         1%          1
b - Sticky Flame          Conj/Fire      #####...     2%          4

Your spell library contained the following spells:

 Spells                   Type           Power        Failure   Level
 Conjure Flame            Conj/Fire      #####...     1%          3
 Inner Flame              Hex/Fire       ####....     3%          3
 Fireball                 Conj/Fire      #####.....   6%          5


Dungeon Overview and Level Annotations

Branches:
Dungeon (7/15)
 Temple: D:4-7

Altars:
Fedhas
Qazlal
Sif Muna
Trog
Uskayaw
Vehumet
Xom
Yredelemnul


Message History

You feel much better.
You feel sick.
You feel sick. The killer bee stings you.
You are more poisoned.
The killer bee poisons you!
Okay, then.
You feel sick. The killer bee stings you.
You are more poisoned.
The killer bee poisons you!
You feel sick.
You feel sick.
You feel sick. The killer bee stings you.
* * * LOW HITPOINT WARNING * * *
You see here a hound corpse.
You feel sick.
There is a stone staircase leading up, spattered with blood here.
You feel sick. The killer bee stings you.
* * * LOW HITPOINT WARNING * * *
You are lethally poisoned!
The killer bee poisons you! The killer bee stings you!
You die...

....### ........ #
........ ####.
....... #
.....###....# .#.#
..........##.#.#
#.#...........#
#...†.......#.#
#.#.@)......#.##
#.#.yYS........#
#.###........#..
..###[.S...........#
........###....####
#.#####..SO....#
######...####
#.......# #.......#


You could see a sky beast, a killer bee and an adder.

Vanquished Creatures
  A hippogriff (D:6)
  Eustachio (D:5)
  A water moccasin (D:6)
  A sky beast (D:6)
  2 orc warriors (D:6)
  A black bear (D:4)
  A phantom (D:6)
  A centaur (D:6)
  A bullfrog (D:6)
  A water moccasin zombie (D:3)
  A water moccasin skeleton (D:4)
  2 killer bees (D:7)
  4 wights (D:6)
  A howler monkey (D:7)
  3 crimson imps (D:3)
  A jelly (D:5)
  5 hounds
  7 orc priests
  2 quasits
  Crazy Yiuf (D:4)
  A bullfrog skeleton (D:5)
  Terence (D:3)
  3 iguanas
  6 orc wizards
  8 worker ants
  A hound zombie (D:3)
  A hound skeleton (D:4)
  A howler monkey zombie (D:3)
  A worker ant zombie (D:3)
  7 gnolls
  11 adders
  A shadow imp (D:6)
  A white imp (D:5)
  An ooze (D:2)
  2 adder zombies (D:3)
  3 adder skeletons
  2 worms
  3 dart slugs
  5 leopard geckos
  18 orcs
  4 giant cockroaches
  9 goblins
  5 hobgoblins
  4 jackals (D:7)
  4 kobolds
  3 quokkas
  6 bats
  6 frilled lizards
  A jackal skeleton (D:3)
  A jackal zombie (D:5)
  5 leopard gecko skeletons
  A quokka skeleton (D:3)
  A quokka zombie (D:3)
  14 rats
179 creatures vanquished.

Vanquished Creatures (others)
  852 foxfires
852 creatures vanquished.

Grand Total: 1031 creatures vanquished

Notes
Turn   | Place    | Note
-------+----------+-------------------------------------------
     0 | D:1      | Infinimo the Hill Orc Fire Elementalist began the quest for
                  | the Orb.
     0 | D:1      | Reached XP level 1. HP: 14/14 MP: 3/3
   565 | D:1      | Reached XP level 2. HP: 20/20 MP: 0/4
  1311 | D:2      | Reached XP level 3. HP: 26/26 MP: 0/5
  1472 | D:2      | Reached skill level 4 in Fire Magic
  2050 | D:2      | Reached XP level 4. HP: 31/33 MP: 1/7
  2815 | D:2      | Found a basalt altar of Yredelemnul.
  2821 | D:2      | Found a hide-covered altar of Uskayaw.
  2821 | D:2      | Found a blossoming altar of Fedhas.
  2822 | D:2      | Found a bloodstained altar of Trog.
  2823 | D:2      | Found a stormy altar of Qazlal.
  3060 | D:2      | Reached XP level 5. HP: 34/38 MP: 8/8
  3746 | D:3      | Noticed Terence
  3753 | D:3      | Killed Terence
  3753 | D:3      | Reached skill level 5 in Fire Magic
  3987 | D:3      | Found a shimmering altar of Xom.
  4004 | D:3      | Paralysed by a crimson imp for 7 turns
  4337 | D:3      | Reached XP level 6. HP: 22/45 MP: 4/9
  4538 | D:3      | Found a radiant altar of Vehumet.
  5489 | D:3      | Reached XP level 7. HP: 50/50 MP: 6/11
  5970 | D:3      | Lost dexterity.
  5971 | D:3      | Reached skill level 6 in Fire Magic
  6612 | D:4      | Got a faintly glowing whip
  6615 | D:4      | Identified the +0 whip of Conversion {venom, rN+} (You
                  | found it on level 4 of the Dungeon)
  6710 | D:4      | Reached skill level 5 in Conjurations
  7423 | D:4      | Found a runed translucent door.
  7424 | D:4      | Noticed Crazy Yiuf
  7751 | D:4      | Killed Crazy Yiuf
  7985 | D:4      | Learned a level 4 spell: Sticky Flame
  8005 | D:5      | Entered Level 5 of the Dungeon
  8310 | D:5      | Reached XP level 8. HP: 57/57 MP: 9/12
  8440 | D:5      | Reached skill level 7 in Fire Magic
  9042 | D:5      | Noticed Eustachio
  9046 | D:5      | Killed Eustachio
  9268 | D:5      | Found a shimmering blue altar of Sif Muna.
  9512 | D:6      | Noticed a hippogriff
  9521 | D:6      | Killed a hippogriff
  9649 | D:6      | Reached skill level 8 in Fire Magic
 10114 | D:6      | Reached XP level 9. HP: 17/62 MP: 6/15
 10679 | D:6      | Reached skill level 9 in Fire Magic
 12524 | D:7      | Slain by a killer bee

Illustrated notes

Levels and vault maps discovered:
D:1:      dpeg_arrival_tiny_g, layout_loops_cross
D:2:      layout_loops_ring, minitemple
D:3:      minmay_diamond_boxcup, layout_basic, vehumet_crystals, serial_undead,
          serial_undead_a, serial_undead_e, serial_undead_f, serial_undead_a,
          serial_undead_f, serial_undead_d, led_xom_imps, uniq_terence
D:4:      cheibrodos_quashed, layout_basic, portal_sewer_entry_b,
          uniq_crazy_yiuf_cottage
D:5:      layout_rooms, lemuel_blue_sif_altar, uniq_eustachio
D:6:      layout_gridville, enter_ossuary_1
D:7:      layout_loops_ring, nicolae_gozag_cash_rules_everything_around_me,
          minmay_temple_entry_waves, uniq_menkaure

Skill      XL: |  1  2  3  4  5  6  7  8  9 |
---------------+----------------------------+-----
Conjurations   | 2 3 4 5 7 8 |  8.3
Fire Magic     | 4 5 6 8 9 |  9.6
Spellcasting   | 2 3 4 |  4.7
Dodging        | |  1.5
Stealth        | |  1.5

Action                   |  1- 3 |  4- 6 |  7- 9 || total
-------------------------+-------+-------+-------++-------
Melee: Unarmed           |    29 |     1 |       ||    30
       Whip              |       |   194 |    60 ||   254
 Cast: Foxfire           |    87 |   124 |   358 ||   569
       Sticky Flame      |       |       |    11 ||    11
  Use: Potion            |       |     7 |     2 ||     9
       Scroll            |       |     4 |     5 ||     9
 Stab: Invisible         |       |     1 |       ||     1
       Sleeping          |       |       |     1 ||     1
Armor: Robe              |    11 |    50 |    44 ||   105
Dodge: Dodged            |    30 |   137 |   126 ||   293

Table legend: (Time is in decaauts)
 A = Elapsed time spent in this place.
 B = Non-inter-level travel time spent in this place.
 C = Inter-level travel time spent in this place.
 D = Time resting spent in this place.
 E = Time spent auto-exploring this place.
 F = Levels seen in this place.
 G = Mean time per level.
                   A        B        C        D        E       F      G
               +--------+--------+--------+--------+--------+-----+--------+
         Total |  12747 |  12529 |    218 |    641 |  10158 |   7 | 1821.0 |
       Dungeon |  12747 |  12529 |    218 |    641 |  10158 |   7 | 1821.0 |
               +--------+--------+--------+--------+--------+-----+--------+

Top non-repeatable levels by time:
     D:6: 2803 daAuts
     D:3: 2572 daAuts
     D:2: 2178 daAuts
     D:4: 2080 daAuts
     D:1: 1481 daAuts
     D:5: 1458 daAuts
     D:7: 173 daAuts
